Arrhythmia, chaotic female vampiric Convict ----------- ------------- |........(| |.....<.....-# |.........|################## |...........|# |..B.....b|# -------------# -------------% ----_------# |`.........`|# # ########## |.....`.....|#### # |...-.---...|#############%############### |...|.{.|....## # ------ |..`|{.{|`..|# ### |....| |...|.{.|...| # |.^>.| |...-----...| ##.....| |.....`.....| |....| |`.........`| |..?.| ------------- +....| ------ Arrhythmia the Jail-bird Experience level: 8 Strength: 15 Dexterity: 15 Constitution: 17 Intelligence: 14 Wisdom: 8 Charisma: 7 Health: 14(14) Energy: 45(45) AC: 6 Gold: 1133 Moves: 4502 Your Inventory: Coins $ - 1133 gold pieces Armor C - an [uncursed +0] mummy wrapping Scrolls g - 3 [uncursed] scrolls labeled HZLRC KSTSBD MPFNG [of identify] j - a [cursed] scroll labeled VERR YED HORRE [of teleportation] t - an [uncursed] scroll labeled VERR YED HORRE [of teleportation] A - an [uncursed] scroll labeled XIXAXA XOXAXA XUXAXA [of gold detection] D - an [uncursed] scroll labeled HACKEM MUCHE [of create monster] J - a [cursed] scroll labeled READ ME [of earth] Potions m - an [uncursed] clear potion [of water] Rings e - an [uncursed] black onyx ring [of aggravate monster] (on right foreclaw) F - an [uncursed] citrine ring [of clairvoyance (of stealth)] G - an [uncursed] agate ring [of shock resistance] Wands f - an [uncursed] wand of digging [0:7] n - an [uncursed] wand of digging [0:8] Tools r - an [uncursed] fire horn [0:7] u - an [uncursed] stethoscope z - an [uncursed] blindfold Spells known in the end: Name Level Category Fail Memory a - identify 3 divination 100% [|||||||.] Your skills at the end: Fighting Skills Weapon Skills sling [Basic / Skilled] Spellcasting Skills Final Attributes: You were piously aligned. Hunger level was 579. Your alignment was 31 / 32. Monster difficulty range was 1 - 8. Level difficulty was 8. You were immune to sleep. You were immune to poison. You were immune to sickness. You were stunned. You were punished. You aggravated monsters. You could fly. You regenerated. You were polymorphed into a vampire bat (713). You were lucky (1). You survived. Vanquished creatures: a small mimic 2 freezing spheres a leprechaun a gnome king a yeti a lizard a dog a dwarf lord a raven a gnome mummy a snake an enormous rat 3 rock moles 2 ponies 5 gnome lords a gnomish wizard an elf zombie 2 giant ants 4 floating eyes 9 dwarves a kobold lord a rothe a giant bat 4 orc zombies 2 dwarf zombies an iguana 4 hobbits 2 large kobolds 2 hobgoblins 6 giant rats 2 cave spiders a yellow mold 35 gnomes 5 garter snakes a gecko 2 jackals a fox a kobold 2 goblins 8 grid bugs 3 lichens 5 kobold zombies 3 newts 133 creatures vanquished. Voluntary challenges: You went without food. You never hit with a wielded weapon. You read items or engraved 4 times. You put on armor 7 times. You never genocided any monsters. You never polymorphed an object. You changed form 1 time. You used no wishes. You abstained from Elbereth's help. You never encountered a bones level. You never used any Sokoban shortcuts. Dungeon overview: The Dungeons of Doom: levels 1 to 8 Level 1 a fountain a long staircase Level 3 stairs to The Gnomish Mines Level 4 a delicatessen, some fountains Level 5 a potion shop, some fountains Level 8 <- You were here many fountains The Gnomish Mines: levels 4 to 7 Level 4 stairs to The Dungeons of Doom History has recorded: On T:1 you entered the Dungeons of Doom to retrieve the Amulet of Yendor! On T:292 you advanced to experience level 2. On T:612 you reached level 2 of The Dungeons of Doom. On T:706 you advanced to experience level 3. On T:764 you advanced to experience level 4. On T:1036 you reached level 3 of The Dungeons of Doom. On T:1246 you advanced to experience level 5. On T:1439 you reached level 1 of The Gnomish Mines. On T:1559 you advanced to experience level 6. On T:1735 you reached level 2 of The Gnomish Mines. On T:1941 you advanced to experience level 7. On T:2751 you reached level 4 of The Gnomish Mines. On T:2757 you advanced to experience level 8. On T:2903 you reached level 4 of The Dungeons of Doom. On T:3345 you reached level 5 of The Dungeons of Doom. On T:3796 you reached level 6 of The Dungeons of Doom. On T:3957 you reached level 7 of The Dungeons of Doom. On T:4324 you reached level 8 of The Dungeons of Doom. Latest messages: [HP+1=72] [HP+1=73] [HP+1=74] You see here a yeti corpse. [HP+1=75] Your surroundings suddenly seem different. You see here a statue of a plains centaur. "Hello, Arrhythmia, welcome to Delphi!" You fly onto a polymorph trap! You feel a change coming over you. You turn into a vampire bat! Your armor falls around you! You can't even move a handspan with this load! You become much too small for your shirt! Your helmet falls to the floor! Your boots are pushed off your feet! You find you must drop your weapon! [HP-62=13] Your head is spinning too badly to explore. You collapse under your load. [HP+1=14] You collapse under your load. (3x) Final status: Goodbye Arrhythmia the Convict... You quit in The Dungeons of Doom on dungeon level 8 with 6451 points, and 1133 pieces of gold, after 4502 moves. You were level 8 with a maximum of 75 hit points when you quit.